 Dungeon Crawl Stone Soup version 0.24.1 (webtiles) character file.

Game seed: 9387299686313568934, levelgen mode: deterministic

261672 Peloso the Hoplite (level 19, -13/179 (181) HPs)
             Began as a Minotaur Fighter on Mar 25, 2020.
             Was the Champion of Okawaru.
             Mangled by a Hell Sentinel (24 damage)
             ... summoned by a deep elf demonologist
             ... on level 3 of the Elven Halls.
             The game lasted 02:09:05 (45297 turns).

Peloso the Hoplite (Minotaur Fighter)              Turns: 45297, Time: 02:09:06

HP:   -13/179 (181) AC: 25    Str: 32    XL:     19   Next: 20%
MP:   0/21          EV: 14    Int:  9    God:    Okawaru [******]
Gold: 1284          SH: 18    Dex: 16    Spells: 18/18 levels left

rFire    + . .     SeeInvis .   a - +13 Maxwell's thermic engine {flame, freeze}
rCold    . . .     Gourm    .   c - +0 shield {reflect}
rNeg     . . .     Faith    +   s - +0 plate armour {MR+}
rPois    +         Spirit   +   D - +2 hat of the Pirate {rElec rPois}
rElec    +         Reflect  +   U - scarf {Spirit}
rCorr    .         Harm     .   K - +1 pair of gloves {Dex+3}
MR       +++..                  V - +1 pair of boots of Kleptomania {Str+3 Stlth+}
Stlth    ..........             n - amulet of faith
HPRegen  0.39/turn              q - ring of protection from magic
MPRegen  0.17/turn              R - ring "Dugasm" {rPois rF+ Str+3 Int+4 Stlth+}

@: lightly drained
A: retaliatory headbutt, horns 2
}: 2/15 runes: decaying, gossamer
a: Heroism, Finesse, Renounce Religion


You were on level 3 of the Elven Halls.
You worshipped Okawaru.
Okawaru was exalted by your worship.
You were not hungry.

You visited 8 branches of the dungeon, and saw 36 of its levels.
You visited 1 bazaar.
You also visited: Ossuary and Gauntlet.

You collected 3682 gold pieces.
You spent 2398 gold pieces at shops.

Inventory:

Hand Weapons
 a - the +13 Maxwell's thermic engine (weapon) {flame, freeze}
   (You bought it in a shop on level 2 of the Orcish Mines)

   It has been specially enchanted to burn those struck by it, causing extra
   injury to most foes and up to half again as much damage against particularly
   susceptible opponents.
   Big, fiery blades are also staple armaments of hydra-hunters.
   It has been specially enchanted to freeze those struck by it, causing extra
   injury to most foes and up to half again as much damage against particularly
   susceptible opponents.
 b - a +1 double sword of slicing
 d - the +8 long sword of Dedghuur {freeze, Str+3}
   (Okawaru gifted it to you on level 1 of the Vaults)

   It has been specially enchanted to freeze those struck by it, causing extra
   injury to most foes and up to half again as much damage against particularly
   susceptible opponents.
   It can also slow down cold-blooded creatures.
   It affects your strength (+3).
 M - the +0 long sword of Hatred {freeze, SInv}
   (Okawaru gifted it to you on level 3 of the Lair of Beasts)

   It has been specially enchanted to freeze those struck by it, causing extra
   injury to most foes and up to half again as much damage against particularly
   susceptible opponents.
   It can also slow down cold-blooded creatures.
   It lets you see invisible.
Armour
 c - a +0 shield of reflection (worn)
 s - a +0 plate armour of magic resistance (worn)
 u - the +6 chain mail "Iqiwkux" {Slay+3}
   (You found it on level 3 of the Lair of Beasts)

   It affects your accuracy and damage with ranged weapons and melee attacks
   (+3).
 D - the +2 hat of the Pirate (worn) {rElec rPois}
   (Okawaru gifted it to you on level 4 of the Swamp)

   It insulates you from electricity.
   It protects you from poison.
 K - a +1 pair of gloves of dexterity (worn)
 L - the +10 chain mail of the Bruised Yaks {Int+2}
   (Okawaru gifted it to you on level 2 of the Elven Halls)

   It affects your intelligence (+2).
 U - a scarf of spirit shield (worn)
 V - the +1 pair of boots of Kleptomania (worn) {Str+3 Stlth+}
   (Okawaru gifted it to you on level 3 of the Spider Nest)

   It affects your strength (+3).
   It makes you more stealthy.
Jewellery
 e - an uncursed ring of flight
 n - an amulet of faith (around neck)
 q - a ring of protection from magic (left hand)
 v - an uncursed ring of protection from magic
 x - a +6 amulet of reflection
 B - an uncursed amulet of guardian spirit
 F - an uncursed ring of protection from fire
 J - a +2 ring of protection
 R - the ring "Dugasm" (right hand) {rPois rF+ Str+3 Int+4 Stlth+}
   (You found it in a Gauntlet)

   [ring of stealth]

   It affects your strength (+3).
   It affects your intelligence (+4).
   It protects you from fire.
   It protects you from poison.
   It makes you more stealthy.
Wands
 r - a wand of iceblast (7)
 z - a wand of digging (10)
 O - a wand of clouds (3)
Scrolls
 j - 5 scrolls of magic mapping
 l - 17 scrolls of remove curse
 p - 13 scrolls of teleportation
 t - a scroll of summoning
 y - 4 scrolls of identify
 A - 6 scrolls of blinking
 H - 5 scrolls of fear
 N - 4 scrolls of noise
 Q - 2 scrolls of enchant weapon
Potions
 g - a potion of berserk rage
 h - a potion of mutation
 k - 3 potions of agility
 o - 19 potions of curing
 w - 13 potions of heal wounds
 C - a potion of resistance
 E - 6 potions of might
 G - 5 potions of haste
 I - 2 potions of flight
Miscellaneous
 i - a phial of floods
Comestibles
 f - 49 rations
 m - 3 chunks of flesh


   Skills:
 + Level 18.8(18.6) Fighting
 + Level 19.8(19.6) Long Blades
   Level 3.3(3.2) Maces & Flails
 + Level 17.1(16.8) Armour
 + Level 8.6(8.4) Dodging
 + Level 2.4(2.2) Stealth
 + Level 21.4(21.1) Shields
 + Level 4.8(4.6) Invocations
 + Level 1.2(1.0) Evocations


You had 18 spell levels left.
You didn't know any spells.
Your spell library contained the following spells:

 Spells                   Type           Power        Failure   Level  Hunger
 Animate Skeleton         Necr           N/A          88%         1    ##.....
 Corona                   Hex            #......      88%         1    ##.....
 Freeze                   Ice            #...         88%         1    ##.....
 Magic Dart               Conj           #...         88%         1    ##.....
 Pain                     Necr           #...         88%         1    ##.....
 Sandblast                Erth           #.....       88%         1    ##.....
 Blink                    Tloc           N/A          95%         2    ###....
 Ensorcelled Hibernation  Hex/Ice        #.....       95%         2    ###....
 Passwall                 Tmut/Erth      #.......     95%         2    ###....
 Searing Ray              Conj           #.....       95%         2    ###....
 Shroud of Golubria       Chrm/Tloc      #.....       95%         2    ###....
 Throw Frost              Conj/Ice       #.....       95%         2    ###....
 Confuse                  Hex            #.......     99%         3    ####...
 Dazzling Spray           Conj/Hex       #.....       99%         3    ####...
 Gell's Gravitas          Tloc           #.........   99%         3    ####...
 Lesser Beckoning         Tloc           #.........   99%         3    ####...
 Ozocubu's Armour         Chrm/Ice       #.......     99%         3    ####...
 Regeneration             Chrm/Necr      #.........   99%         3    ####...
 Stone Arrow              Conj/Erth      #.....       99%         3    ####...
 Teleport Other           Tloc           #.......     99%         3    ####...
 Tukima's Dance           Hex            #.......     99%         3    ####...
 Vampiric Draining        Necr           #.........   99%         3    ####...
 Animate Dead             Necr           N/A          100%        4    #####..
 Force Lance              Conj/Tloc      #.......     100%        4    #####..
 Fulminant Prism          Conj/Hex       #.........   100%        4    #####..
 Ice Form                 Ice/Tmut       #.......     100%        4    #####..
 Iskenderun's Mystic Bla  Conj           #.......     100%        4    #####..
 Passage of Golubria      Tloc           N/A          100%        4    #####..
 Petrify                  Tmut/Erth      #.......     100%        4    #####..
 Summon Ice Beast         Ice/Summ       #.......     100%        4    #####..
 Throw Icicle             Conj/Ice       #.......     100%        4    #####..
 Irradiate                Conj/Tmut      #.........   100%        5    ######.
 Lee's Rapid Deconstruct  Erth           #.........   100%        5    ######.
 Metabolic Englaciation   Hex/Ice        #.........   100%        5    ######.
 Bolt of Cold             Conj/Ice       #.........   100%        6    #######
 Freezing Cloud           Conj/Ice/Air   #.........   100%        6    #######
 Hydra Form               Tmut           #.........   100%        6    #######
 Ozocubu's Refrigeration  Ice            #.........   100%        6    #######
 Simulacrum               Ice/Necr       #.........   100%        6    #######
 Statue Form              Tmut/Erth      #........    100%        6    #######
 Dragon Form              Tmut           #.........   100%        7    #######


Dungeon Overview and Level Annotations

Branches:
Dungeon (15/15)            Temple (1/1) D:4            Lair (6/6) D:8
  Swamp (4/4) Lair:3       Spider (4/4) Lair:4        Slime (0/5) Lair:5
    Orc (2/2) D:11            Elf (3/3) Orc:2        Vaults (1/5) D:14
 Depths (0/5) D:15        Ossuary (visited)         Gauntlet (visited)

Altars:
Ashenzari
Cheibriados
Dithmenos
Elyvilon
Fedhas
Gozag
Kikubaaqudgha
Makhleb
Nemelex Xobeh
Okawaru
Ru
Sif Muna
Uskayaw
Vehumet
Wu Jian
Xom
Yredelemnul
Zin
The Shining One
Beogh

Shops:
D:8 !   D:9 *   D:10 ?   Orc:1 (   Orc:2 :=[=*(   Elf:2 (   Elf:3 }

Annotations:
D:8 3 runed translucent doors, fritzmikael's ghost, novice VSFi
Lair:4 2 runed translucent doors, Murgh's ghost, journeyman MiBe
Elf:2 3 runed translucent doors
Elf:3 Roxanne


Innate Abilities, Weirdness & Mutations

You reflexively headbutt those who attack you in melee.
You have a pair of horns on your head.


Message History

You completely miss the Hell Sentinel. You headbutt the Hell Sentinel.
The Hell Sentinel is heavily wounded.
The shadow demon gestures.
The Hell Sentinel gestures at you. The iron shot hits you!!!!
* * * LOW HITPOINT WARNING * * *
Unknown command.
You hit the Hell Sentinel.
You headbutt the Hell Sentinel, but do no damage.
The Hell Sentinel is heavily wounded.
The Hell Sentinel hits you!
* * * LOW HITPOINT WARNING * * *
You block the Hell Sentinel's attack.
You barely miss the Hell Sentinel.
The Hell Sentinel is heavily wounded.
Unknown command.
Unknown command.
You hit the Hell Sentinel but do no damage.
The Hell Sentinel is heavily wounded.
The Hell Sentinel hits you!!
You die...

#.## *#..,,,,,,,,,,,*,,,*,
#
##..###.#*****,,,,,,***,,,,
## ##..#(#.#*
*,,,,,,,*,,,** .##
##...##.## *,,,,,,*,**,*
#.###.#####4E##
**,,,,*****,*
##..1####*#.#e##
****,,,,,,,*
..e.....##.###2## *********
.....[..#.#* ##1##
.........#* ##@##
........## ##.# .........#*
*#.## ........#.#* *#.##
.......(#..**#.#*
........##*,#.#* ,,,,,,,,*
*#.#* *,,,*,*** #.*
*,,,,,** #,*


You could see a Hell Sentinel, a shadow demon, a deep elf demonologist, an earth
elemental and a red devil.

Vanquished Creatures
  Nikola (Swamp:1)
  A bone dragon (Swamp:4)
  Frances (Spider:1)
  A thorn hunter (Swamp:4)
  Kirke (D:15)
  3 vault wardens (Vaults:1)
  An orc warlord (D:11)
  5 ghost moths
  5 ironheart preservers (Vaults:1)
  4 emperor scorpions
  Aizul (Swamp:4)
  3 very ugly things
  A stone giant (Orc:2)
  A deep elf demonologist (Elf:1)
  3 entropy weavers
  A minotaur (Gauntlet)
  2 spark wasps (Spider:4)
  7 ettins
  A great orb of eyes (Vaults:1)
  5 vault guards
  A fire dragon (Lair:6)
  17 hydras
  A deep elf high priest (Elf:1)
  Fannar (D:11)
  Erolcha (D:11)
  3 ghost crabs
  2 shambling mangroves
  3 centaur warriors (D:15)
  10 two-headed ogres
  15 alligators
  4 ogre magi
  4 tengu warriors
  A queen ant (Spider:1)
  7 dancing weapons
  A deep troll earth mage (Vaults:1)
  3 orc high priests
  12 deep elf knights
  8 skeletal warriors (Vaults:1)
  2 unseen horrors
  5 deep trolls
  4 spectral hydras (Swamp:4)
  A glowing orange brain (D:8)
  11 deep elf archers
  7 swamp dragons
  Pikel (D:5)
  A lindwurm (Lair:6)
  2 phantasmal warriors (Swamp:4)
  An orange crystal statue (Lair:1)
  3 ironbrand convokers (Vaults:1)
  6 orc knights
  15 orb spiders
  A wolf spider zombie (D:13)
  21 wolf spiders
  12 ugly things
  41 deep elf magi
  2 oklob plants (Lair:3)
  14 cyclopes
  2 manticores (D:15)
  2 orc sorcerers
  5 elephants (Lair:6)
  7 black mambas
  3 vault sentinels (Vaults:1)
  4 torpor snails
  4 centaur skeletons
  3 molten gargoyles (Lair:6)
  4 gargoyles
  22 spiny frogs
  8 komodo dragons
  6 yaktaurs (Vaults:1)
  7 swamp worm zombies (Swamp:4)
  13 demonic crawlers
  18 jumping spiders
  A freezing wraith (D:15)
  2 tengu conjurers
  A queen bee (shapeshifter) (Vaults:1)
  5 hydra zombies (Swamp:4)
  2 queen bees (Gauntlet)
  7 trolls
  3 meliai (D:15)
  19 hornets
  A merfolk (shapeshifter) (D:15)
  2 spectral swamp dragons (Swamp:4)
  12 tyrant leeches
  21 slime creatures
  A blink frog (Swamp:4)
  A raiju (Gauntlet)
  8 bog bodies
  2 alligator zombies (Swamp:4)
  6 dream sheep (Lair:6)
  6 hippogriffs
  2 centaur simulacra (D:15)
  A tarantella (shapeshifter) (Elf:1)
  A spriggan (shapeshifter) (D:13)
  43 yaks
  16 tarantellas
  4 water elementals
  An air elemental (Elf:3)
  38 redbacks
  7 wyverns
  2 shadows
  19 spriggans
  3 fire elementals (Elf:1)
  A hog (D:15)
  A human (shapeshifter) (D:10)
  2 humans (Vaults:1)
  2 wraiths
  A yak (shapeshifter) (Vaults:1)
  22 vampire mosquitoes
  11 basilisks
  3 hungry ghosts
  A steam dragon (Lair:6)
  23 insubstantial wisps
  5 wargs
  15 swamp worms
  Menkaure (D:6)
  11 soldier ants (Spider:1)
  13 water moccasins
  3 hell hounds (Lair:6)
  2 acid dragons
  2 floating eyes (Elf:2)
  9 porcupines
  30 orc warriors
  2 ice beasts
  3 sky beasts
  6 swamp drakes
  7 black bears
  A necrophage (D:10)
  15 ogres
  8 phantoms
  2 swamp dragon zombies (Swamp:4)
  3 eyes of draining
  20 wolves
  6 boggarts
  16 centaurs
  16 crocodiles
  2 big kobolds
  2 elf zombies (Ossuary)
  Blork the orc (D:5)
  2 wyvern zombies
  23 bullfrogs
  2 earth elementals (Elf:1)
  A wyvern skeleton (D:12)
  3 scorpions
  A water moccasin skeleton (D:4)
  10 killer bees
  5 howler monkeys
  4 wights (D:12)
  4 centaur zombies
  3 electric eels
  7 crimson imps
  5 bullfrog zombies
  7 lava snakes
  3 jellies
  36 orc wizards
  3 quasits
  7 hounds
  A human zombie (Ossuary)
  14 orc priests
  2 bullfrog skeletons
  5 iguanas
  29 worker ants
  A spectral swamp drake (Swamp:4)
  A lightning spire (Gauntlet)
  2 big kobold zombies (Ossuary)
  A hound zombie (D:11)
  A hound skeleton (D:10)
  3 mummies
  A worker ant zombie (D:7)
  Robin (D:2)
  2 gnolls (D:5)
  A swamp drake zombie (Swamp:4)
  13 adders
  5 shadow imps
  2 oozes
  3 adder skeletons
  3 adder zombies
  3 worms
  10 leopard geckos
  87 orcs
  A ball python (D:3)
  7 bats
  5 giant cockroaches
  9 goblins
  12 hobgoblins
  20 jackals
  13 kobolds
  4 quokkas
  5 frilled lizards
  10 hobgoblin zombies (Ossuary)
  A jackal zombie (Ossuary)
  9 kobold zombies (Ossuary)
  9 orc zombies (Ossuary)
  6 rats
  A rat zombie (Ossuary)
  5 fungi
  4 plants (Gauntlet)
1343 creatures vanquished.

Vanquished Creatures (others)
  A deep elf knight (Elf:1)
  A spiny frog (Swamp:2)
  2 yaktaurs (Vaults:1)
  2 hornets (Swamp:4)
  4 blink frogs (Swamp:4)
  3 humans (D:15)
  2 spriggans (Swamp:4)
  An orc warrior (D:14)
  2 slaves (D:5)
  A centaur (D:15)
  An orc wizard (D:5)
  A gnoll (D:5)
  2 orcs
  A jackal (D:7)
  A quokka (D:7)
  13 fungi
  19 plants
57 creatures vanquished.

Grand Total: 1400 creatures vanquished

Notes
Turn   | Place    | Note
-------+----------+-------------------------------------------
     0 | D:1      | Peloso the Minotaur Fighter began the quest for the Orb.
     0 | D:1      | Reached XP level 1. HP: 19/19 MP: 0/0
     6 | D:1      | Noticed a swamp drake
     6 | D:1      | Noticed a worker ant
     6 | D:1      | Noticed a black mamba
     6 | D:1      | Noticed a hound
   105 | D:1      | Reached skill level 4 in Shields
   176 | D:1      | Reached XP level 2. HP: 27/27 MP: 1/1
   688 | D:1      | Reached XP level 3. HP: 33/33 MP: 2/2
   978 | D:2      | Noticed Robin
  1004 | D:2      | Killed Robin
  1403 | D:2      | Reached XP level 4. HP: 23/40 MP: 3/3
  1428 | D:2      | Found an opulent altar of Gozag.
  2187 | D:3      | Reached skill level 1 in Dodging
  2605 | D:3      | You fall into a shaft and drop 1 floor!
  2614 | D:4      | Reached XP level 5. HP: 43/46 MP: 4/4
  2683 | D:4      | Reached skill level 5 in Armour
  2694 | D:4      | Reached skill level 5 in Shields
  2702 | D:4      | Reached XP level 6. HP: 16/53 MP: 5/5
  3025 | D:4      | Found a staircase to the Ecumenical Temple.
  3592 | D:5      | Entered Level 5 of the Dungeon
  3851 | D:5      | Reached XP level 7. HP: 53/60 MP: 6/6
  3877 | D:5      | Found a shimmering altar of Xom.
  3933 | D:5      | Reached skill level 5 in Fighting
  3933 | D:5      | Reached skill level 5 in Long Blades
  3991 | D:5      | Noticed Pikel
  4013 | D:5      | Killed Pikel
  4013 | D:5      | Reached skill level 6 in Shields
  4013 | D:5      | Reached XP level 8. HP: 39/69 MP: 7/7
  4135 | D:5      | Noticed Blork the orc
  4143 | D:5      | Killed Blork the orc
  4153 | Temple   | Entered the Ecumenical Temple
  4196 | Temple   | Became a worshipper of Warmaster Okawaru
  4248 | D:5      | Found a burning altar of Makhleb.
  4338 | D:5      | Found a sacrificial altar of Ru.
  4756 | D:6      | You fall into a shaft and drop 3 floors!
  4790 | D:8      | Reached * piety under Okawaru
  4790 | D:8      | Reached skill level 7 in Shields
  4969 | D:6      | Found a sand-covered staircase.
  4977 | Ossuary  | Entered an ossuary
  5217 | Ossuary  | Reached XP level 9. HP: 78/78 MP: 8/8
  5234 | Ossuary  | Reached ** piety under Okawaru
  5664 | D:6      | Found a snail-covered altar of Cheibriados.
  5688 | D:6      | Found an ancient bone altar of Kikubaaqudgha.
  5701 | D:6      | Found a radiant altar of Vehumet.
  5716 | D:6      | Identified Kikubaaqudgha's Tome of Dark Secrets
  5725 | D:6      | Found a shimmering blue altar of Sif Muna.
  5771 | D:6      | Noticed Menkaure
  5776 | D:6      | Killed Menkaure
  6364 | D:7      | Reached skill level 8 in Shields
  6597 | D:7      | Found a white marble altar of Elyvilon.
  6720 | D:7      | Reached *** piety under Okawaru
  6720 | D:7      | Reached skill level 10 in Long Blades
  7420 | D:7      | Got a transparent shortbow
  7513 | D:7      | Reached XP level 10. HP: 64/88 MP: 9/9
  7553 | D:8      | Found Dufoc's Distillery.
  7559 | D:8      | Bought a potion of curing for 39 gold pieces
  7559 | D:8      | Bought 2 potions of flight for 78 gold pieces
  7560 | D:8      | Noticed a gargoyle
  7576 | D:8      | Reached skill level 9 in Shields
  7580 | D:8      | Killed a gargoyle
  8144 | D:8      | Reached **** piety under Okawaru
  8287 | D:8      | Found a runed translucent gate.
  8287 | D:8      | Found a runed translucent gate.
  8287 | D:8      | Found a runed translucent gate.
  8287 | D:8      | Noticed a green ugly thing
  8287 | D:8      | Noticed a red ugly thing
  8287 | D:8      | Noticed a green ugly thing
  8287 | D:8      | Noticed a glowing orange brain
  8288 | D:8      | Noticed a purple ugly thing
  8288 | D:8      | Noticed a green ugly thing
  8288 | D:8      | Noticed a green ugly thing
  8727 | D:8      | Found a staircase to the Lair.
  8965 | D:10     | Entered Level 10 of the Dungeon
  8981 | D:9      | Reached skill level 10 in Shields
  9524 | D:10     | Reached ***** piety under Okawaru
 10005 | D:9      | Found Tizxagou's General Store.
 10025 | D:9      | Bought a scroll of teleportation for 42 gold pieces
 10025 | D:9      | Bought a scroll of enchant armour for 105 gold pieces
 10025 | D:9      | Bought a scroll of identify for 28 gold pieces
 10244 | D:10     | Found Lanimuts's Magic Scroll Shop.
 10265 | D:10     | Bought a scroll of magic mapping for 45 gold pieces
 10343 | D:10     | Reached skill level 11 in Shields
 10343 | D:10     | Reached XP level 11. HP: 93/95 MP: 10/10
 10364 | D:10     | Noticed a fire crab
 10365 | D:10     | Noticed a two-headed ogre
 10726 | D:10     | Reached skill level 10 in Armour
 11098 | D:10     | Killed a two-headed ogre
 11498 | D:11     | Noticed Erolcha
 11515 | D:11     | Killed Erolcha
 11515 | D:11     | Reached skill level 1 in Invocations
 11629 | D:11     | Noticed Fannar
 11676 | D:11     | Killed Fannar
 12152 | D:11     | Received a gift from Okawaru
 12408 | D:11     | Found the cursed +14 obsidian axe {chop, +Fly SInv *Curse}
 12484 | D:11     | Found a staircase to the Orcish Mines.
 12491 | D:11     | Found a roughly hewn altar of Beogh.
 12915 | D:11     | Reached skill level 10 in Fighting
 13204 | Lair:1   | Entered Level 1 of the Lair of Beasts
 13225 | Lair:1   | Noticed an orange crystal statue
 13236 | Lair:1   | Noticed a five-headed hydra
 13238 | Lair:1   | Noticed a four-headed hydra
 13536 | D:8      | Killed a five-headed hydra
 13536 | D:8      | Reached skill level 1 in Maces & Flails
 13987 | Lair:1   | Killed a four-headed hydra
 14204 | Lair:1   | Reached skill level 12 in Shields
 15168 | Lair:1   | Reached XP level 12. HP: 96/107 MP: 12/12
 15233 | Lair:1   | Reached skill level 1 in Evocations
 16208 | Lair:2   | Reached ****** piety under Okawaru
 16903 | Lair:3   | Received a gift from Okawaru
 16916 | Lair:3   | Got a smoking long sword {god gift}
 16917 | Lair:3   | Identified the +0 long sword of Hatred {freeze, SInv}
                  | (Okawaru gifted it to you on level 3 of the Lair of Beasts)
 17181 | Lair:3   | Reached skill level 13 in Shields
 17328 | Lair:3   | Received a gift from Okawaru
 17958 | Lair:3   | Noticed a four-headed hydra
 17985 | Lair:3   | Killed a four-headed hydra
 18568 | Lair:3   | Found a staircase to the Swamp.
 18827 | Lair:3   | Got a jasper-encrusted chain mail
 18847 | Lair:3   | Reached XP level 13. HP: 116/116 MP: 13/13
 18853 | Lair:3   | Identified the +6 chain mail "Iqiwkux" {Slay+3} (You found
                  | it on level 3 of the Lair of Beasts)
 19492 | D:12     | Received a gift from Okawaru
 19909 | D:13     | Reached skill level 14 in Shields
 20488 | Orc:1    | Entered Level 1 of the Orcish Mines
 20488 | Orc:1    | Found Suug's Antique Weapon Shoppe.
 20606 | Orc:1    | Noticed an orc warlord
 20915 | Orc:1    | Noticed an ettin
 21006 | Orc:1    | Noticed an ettin
 21167 | D:11     | Killed an orc warlord
 21190 | D:11     | Killed an ettin
 21367 | D:11     | Killed an ettin
 21367 | D:11     | Received a gift from Okawaru
 21367 | D:11     | Reached skill level 5 in Dodging
 21636 | Orc:1    | Noticed an ettin
 21645 | D:11     | Killed an ettin
 21645 | D:11     | Reached skill level 1 in Stealth
 21673 | D:11     | Reached skill level 15 in Shields
 22090 | Orc:2    | Entered Level 2 of the Orcish Mines
 22151 | Orc:2    | Noticed an ettin
 22172 | Orc:2    | Killed an ettin
 22374 | Orc:2    | Found Daudoang's General Store.
 22419 | Orc:2    | Noticed an ettin
 22432 | Orc:2    | Killed an ettin
 22432 | Orc:2    | Received a gift from Okawaru
 22432 | Orc:2    | Reached XP level 14. HP: 26/127 MP: 13/15
 22853 | Orc:2    | Noticed a stone giant
 23260 | Orc:2    | Found Jumoekof's Jewellery Shoppe.
 23279 | Orc:2    | Found Korungase's Book Boutique.
 23283 | Orc:2    | Bought a cursed amulet of inaccuracy for 32 gold pieces
 23327 | Orc:2    | Found Ahaed's Antique Armour Shop.
 23328 | Orc:2    | Found Econnab's Jewellery Boutique.
 23906 | Orc:2    | Killed a stone giant
 23907 | Orc:2    | Found Huoxe's Antique Weapon Shoppe.
 23941 | Orc:2    | Bought the +2 Maxwell's thermic engine {flame, freeze} for
                  | 1628 gold pieces
 23941 | Orc:2    | Found the +2 Maxwell's thermic engine {flame, freeze}
 24029 | Orc:2    | Found a staircase to the Elven Halls.
 24707 | Lair:4   | Received a gift from Okawaru
 24798 | Lair:4   | Found a hole to the Spider Nest.
 24993 | Lair:4   | Found a large runed translucent door.
 24994 | Lair:4   | Found a large runed translucent door.
 25011 | Lair:4   | Noticed Murgh's ghost (journeyman MiBe)
 25447 | D:8      | Reached skill level 15 in Long Blades
 25465 | D:8      | Found a runed translucent gate.
 25465 | D:8      | Found a runed translucent gate.
 25469 | D:8      | Found a runed translucent gate.
 25469 | D:8      | Noticed fritzmikael's ghost (novice VSFi)
 25657 | Lair:5   | Found a staircase to the Slime Pits.
 25660 | Lair:5   | Found a gate leading to a gauntlet.
 25667 | Gauntlet | Entered a Gauntlet
 25667 | Gauntlet | Found a transporter.
 25675 | Gauntlet | Found a transporter.
 25677 | Gauntlet | Found a transporter.
 25679 | Gauntlet | Found a transporter.
 25695 | Gauntlet | Found a transporter.
 25711 | Gauntlet | Found a transporter.
 25713 | Gauntlet | Found a large runed translucent door.
 25713 | Gauntlet | Found a large runed translucent door.
 25714 | Gauntlet | Found a large runed translucent door.
 25714 | Gauntlet | Found a large runed translucent door.
 25715 | Gauntlet | Found a large runed translucent door.
 25715 | Gauntlet | Found a large runed translucent door.
 25715 | Gauntlet | Found a runed translucent door.
 25715 | Gauntlet | Found a runed translucent door.
 25715 | Gauntlet | Found a large runed translucent door.
 25715 | Gauntlet | Found a large runed translucent door.
 25716 | Gauntlet | Found a large runed translucent door.
 25716 | Gauntlet | Found a large runed translucent door.
 25718 | Gauntlet | Found a transporter.
 25738 | Gauntlet | Found a transporter.
 25749 | Gauntlet | Found a large runed translucent door.
 25750 | Gauntlet | Found a large runed translucent door.
 25751 | Gauntlet | Found a large runed translucent door.
 25752 | Gauntlet | Found a runed translucent gate.
 25753 | Gauntlet | Found a transporter.
 25753 | Gauntlet | Found a runed translucent gate.
 25754 | Gauntlet | Found a runed translucent gate.
 25774 | Gauntlet | Found a large runed translucent door.
 25775 | Gauntlet | Found a large runed translucent door.
 25776 | Gauntlet | Found a large runed translucent door.
 25784 | Gauntlet | Found the +8 frozen axe "Frostbite" {freezing cloud, *Noise
                  | +Fly rC+}
 25784 | Gauntlet | Found a transporter.
 25815 | Gauntlet | Found a transporter.
 25821 | Gauntlet | Found a transporter.
 25847 | Gauntlet | Found a transporter.
 25854 | Gauntlet | Found a transporter.
 25856 | Gauntlet | Found a transporter.
 25881 | Gauntlet | Found a transporter.
 25889 | Gauntlet | Found a transporter.
 25939 | Gauntlet | Found a transporter.
 26370 | Gauntlet | Got a transparent brass ring
 26371 | Gauntlet | Identified the ring "Dugasm" {rPois rF+ Str+3 Int+4 Stlth+}
                  | (You found it in a Gauntlet)
 26404 | Gauntlet | Identified the +9 rapier of the Evil Eye {pierce, Int+2}
 26404 | Gauntlet | Identified the +1 ice dragon scales of Coronation {rElec
                  | rF- rC++ rCorr MP+9 SInv}
 26413 | Gauntlet | Received a gift from Okawaru
 26447 | Gauntlet | Got a fine rapier
 26458 | Gauntlet | Found the +10 Black Knight's horse barding {ponderous,
                  | rPois rN+}
 26618 | Lair:5   | Got a translucent lajatang
 26619 | Lair:5   | Identified the +7 lajatang of Destiny {speed, rF+ Dex+2}
                  | (You found it on level 5 of the Lair of Beasts)
 26943 | Lair:6   | Entered Level 6 of the Lair of Beasts
 27047 | Lair:6   | Reached skill level 16 in Shields
 27155 | Lair:1   | Identified the +3 rapier "Huak" {venom, rElec Str+3} (You
                  | found it in a Gauntlet)
 27795 | Lair:6   | Received a gift from Okawaru
 28303 | Lair:6   | Reached XP level 15. HP: 103/137 MP: 17/17
 28432 | Lair:6   | Found a large runed translucent door.
 28432 | Lair:6   | Found a large runed translucent door.
 30440 | D:14     | Found a gate to the Vaults.
 30440 | D:14     | You fall into a shaft and drop 1 floor!
 30440 | D:15     | Entered Level 15 of the Dungeon
 30456 | D:15     | Received a gift from Okawaru
 30663 | D:15     | Noticed Kirke
 30682 | D:15     | Killed Kirke
 30948 | D:15     | Reached skill level 17 in Shields
 31116 | D:15     | Found a staircase to the Depths.
 31326 | D:15     | Received a gift from Okawaru
 31329 | D:15     | Got an ancient hat {god gift}
 31335 | D:15     | Identified the +1 hat of Oblivion {Str+3} (Okawaru gifted
                  | it to you on level 15 of the Dungeon)
 32377 | Swamp:1  | Entered Level 1 of the Swamp
 32490 | Swamp:1  | Reached skill level 15 in Fighting
 32505 | Swamp:1  | Reached XP level 16. HP: 87/149 MP: 18/18
 32584 | Swamp:1  | Noticed Nikola
 32595 | Swamp:1  | Killed Nikola
 32780 | Swamp:1  | Reached skill level 15 in Armour
 33400 | Swamp:2  | Reached skill level 18 in Shields
 33769 | Swamp:2  | Received a gift from Okawaru
 35219 | Swamp:3  | Received a gift from Okawaru
 35432 | Swamp:4  | Entered Level 4 of the Swamp
 35462 | Swamp:4  | Noticed Aizul
 35468 | Swamp:4  | Noticed a thorn hunter
 35485 | Swamp:4  | Killed a thorn hunter
 35935 | Swamp:4  | Killed Aizul
 36126 | Swamp:4  | Received a gift from Okawaru
 36136 | Swamp:4  | Reached XP level 17. HP: 80/159 MP: 19/19
 36142 | Swamp:4  | Got an ichor-stained scimitar {god gift}
 36144 | Swamp:4  | Identified the +1 scimitar "Suhahaakh" {pain, rF++ MR-}
                  | (Okawaru gifted it to you on level 4 of the Swamp)
 36504 | Swamp:4  | Reached skill level 19 in Shields
 36734 | Swamp:4  | Got a decaying rune of Zot
 36793 | Swamp:4  | Noticed a bone dragon
 36807 | Swamp:4  | Killed a bone dragon
 36807 | Swamp:4  | Received a gift from Okawaru
 36823 | Swamp:4  | Got a distressingly furry hat {god gift}
 36834 | Swamp:4  | Identified the +2 hat of the Pirate {rElec rPois} (Okawaru
                  | gifted it to you on level 4 of the Swamp)
 37229 | Spider:1 | Entered Level 1 of the Spider Nest
 37292 | Spider:1 | Noticed Frances
 37299 | Spider:1 | Killed Frances
 38354 | Spider:2 | Received a gift from Okawaru
 38918 | Spider:3 | Got an ichor-stained war axe
 39366 | Spider:3 | Received a gift from Okawaru
 39369 | Spider:3 | Got a pair of twisted boots {god gift}
 39375 | Spider:3 | Identified the +1 pair of boots of Kleptomania {Str+3
                  | Stlth+} (Okawaru gifted it to you on level 3 of the Spider
                  | Nest)
 39870 | Spider:3 | Identified the cursed +1 war axe of Gammedin {chop, +Blink
                  | Int+8} (You found it on level 3 of the Spider Nest)
 39923 | Spider:4 | Entered Level 4 of the Spider Nest
 40042 | Spider:4 | Reached skill level 20 in Shields
 40495 | Spider:4 | Reached XP level 18. HP: 148/168 MP: 18/20
 41039 | Spider:4 | Got a gossamer rune of Zot
 41485 | Vaults:1 | Entered Level 1 of the Vaults
 41529 | Vaults:1 | Found a flickering gateway to a bazaar.
 41556 | Bazaar   | Entered a bazaar
 41569 | Bazaar   | Found Ugefita's Gadget Shop.
 41606 | Bazaar   | Found Dilahorph's Gadget Shop.
 41642 | Bazaar   | Found Egamix's Distillery.
 41668 | Bazaar   | Found Ummab's Distillery.
 41715 | Bazaar   | Bought a potion of berserk rage for 55 gold pieces
 41715 | Bazaar   | Bought 2 potions of heal wounds for 110 gold pieces
 41715 | Bazaar   | Bought a potion of might for 44 gold pieces
 41736 | Bazaar   | Bought a potion of mutation for 96 gold pieces
 41736 | Bazaar   | Bought a potion of might for 48 gold pieces
 41736 | Bazaar   | Bought a potion of might for 48 gold pieces
 41845 | Vaults:1 | Received a gift from Okawaru
 41862 | Vaults:1 | Got a scorched long sword {god gift}
 41863 | Vaults:1 | Identified the +8 long sword of Dedghuur {freeze, Str+3}
                  | (Okawaru gifted it to you on level 1 of the Vaults)
 42666 | Vaults:1 | Received a gift from Okawaru
 43221 | Elf:1    | Entered Level 1 of the Elven Halls
 43384 | Elf:1    | Reached skill level 21 in Shields
 43556 | Elf:1    | Received a gift from Okawaru
 43559 | Elf:1    | Got an encrusted dire flail {god gift}
 44289 | Elf:2    | Paralysed by a floating eye for 2 turns
 44298 | Elf:2    | Reached XP level 19. HP: 149/179 MP: 16/21
 44325 | Elf:2    | Paralysed by a floating eye for 4 turns
 44667 | Elf:2    | Found Duseagg's Antique Weapon Emporium.
 44683 | Elf:2    | Received a gift from Okawaru
 44692 | Elf:2    | Got a dazzling chain mail {god gift}
 44717 | Elf:2    | Identified the +10 chain mail of the Bruised Yaks {Int+2}
                  | (Okawaru gifted it to you on level 2 of the Elven Halls)
 44752 | Elf:2    | Got a faintly glowing war axe
 44753 | Elf:2    | Found a runed translucent gate.
 44763 | Elf:2    | Found a runed translucent gate.
 44766 | Elf:2    | Found a runed translucent gate.
 44986 | Elf:2    | Identified the cursed +1 war axe of the Forgotten Curses
                  | {chop, MR+} (You found it on level 2 of the Elven Halls)
 44989 | Elf:2    | Identified the +5 dire flail of Risk Management {protect,
                  | rElec Str-2 Int+3} (Okawaru gifted it to you on level 1 of
                  | the Elven Halls)
 45027 | Elf:3    | Entered Level 3 of the Elven Halls
 45103 | Elf:3    | Found Erchuha's Gadget Boutique.
 45271 | Elf:3    | Noticed Roxanne
 45297 | Elf:3    | Mangled by a Hell Sentinel

Levels and vault maps discovered:
D:1:      onia_arrival_zoo_common, layout_loops_ring
D:2:      layout_loops_corners, nicolae_gozag_seed_capital, uniq_robin
D:3:      layout_loops_cross, gammafunk_temple_overflow_statue, first_ration,
          chequers_serial_rivers_micro_e
D:4:      layout_rooms, minmay_temple_entry_from_below_a
D:5:      layout_rooms, xom_redecorated, nicolae_ru_awakened_eye,
          serial_bayou_ford_a, makhleb_blood_cavern_becter, uniq_blork_the_orc,
          uniq_pikel
D:6:      layout_loops_ring, palyth_temple_overflow_mages,
          kennysheep_little_box, gup_ossuary_entry_pyramid, minmay_lizard_king,
          uniq_menkaure
D:7:      layout_rooms, elyvilon_altar_4, kennysheep_dice
D:8:      layout_basic, grunt_lair_entry_orc_guard_hut, serial_shops,
          shop_fountains, ploomutoo_gammafunk_ghost_potion_laboratory,
          blue_anna_alchemist [blue_anna_fruit_fields, blue_anna_fruit_fields],
          wad_floor_pattern_1
D:9:      layout_cross, serial_shops, shop
D:10:     minmay_chambers_of_sixes, layout_irregular_city, serial_shops,
          nicolae_shop_window_shopping
D:11:     layout_roguey, minmay_orc_entry_temple_small, uniq_erolcha,
          uniq_fannar
D:12:     layout_roguey
D:13:     layout_irregular_city
D:14:     layout_roguey, grunt_vaults_entry_fortified,
          hangedman_abyss_or_decor_slice
D:15:     hangedman_depths_entry_civil_slaughter, layout_stronghold,
          minmay_misc_feat_enclosed, roderic_lattice_a, uniq_kirke
Temple:   minmay_temple_bridge_abc
Lair:1:   layout_regular_city, minivault_27, disabler_island
Lair:2:   layout_cave_shapes, beast_lair_carwin_4
Lair:3:   kb_forest_paths, layout_cave_shapes, swamp_mist_pool,
          serial_bayou_crossing, minmay_lair_oklob_chamber
Lair:4:   layout_gridlike, spider_nest_entry_rubble, ebering_ghost_disaster_area
Lair:5:   layout_concentric_octagons, slime_dummy, gauntlet_entry_generic,
          minivault_11
Lair:6:   cheibrodos_lair_end_hotspot, layout_regular_city
Swamp:1:  layout_basic_swamp, evilmike_swamp_ruin_house_2,
          infiniplex_staircase_pool, uniq_nikola
Swamp:2:  layout_falls_marsh, nicolae_swamp_trees_clearing
Swamp:3:  layout_falls_marsh, hangedman_swamp_pad, st_swamp_ruins_1
Swamp:4:  swamp_pestilence, layout_basic_swamp, uniq_aizul
Spider:1: layout_spider_delve, minmay_another_anthill, uniq_frances
Spider:2: layout_spider_delve, drop_trap, einodemon_crawler_minivault
Spider:3: layout_spider_delve
Spider:4: grunt_spider_rune_island
Orc:1:    layout_caves, serial_shops, shop
Orc:2:    grunt_orc_gardens, layout_caves, grunt_orc_garden, grunt_orc_garden,
          grunt_orc_garden, grunt_orc_garden, serial_shops, shop_statue,
          shop_fountains
Elf:1:    minmay_elf_arrival_plus, layout_loops_cross,
          kennysheep_underground_church, drop_trap
Elf:2:    layout_geoelf_grid, serial_shops, nicolae_shop_stone,
          onia_ninara_cookie
Elf:3:    grunt_elf_hall_asides, layout_loops_cross, serial_shops, shop,
          uniq_roxanne
Vaults:1: grunt_vaults_bifocal, hangedman_vaults_locks, nicolae_vaults_asterisk,
          nicolae_vaults_circle_grid_b, vaults_room_door_hall,
          nicolae_vaults_ring_of_whatevers, ontoclasm_vaults_idyll,
          ontoclasm_vaults_loading_screen, layout_vaults_ring, serial_shops,
          bzr_entry_customers

Skill      XL: |  1  2  3  4  5  6  7  8  9 10 11 12 13 14 15 16 17 18 19 |
---------------+----------------------------------------------------------+-----
Shields        | 4 5 6 7 8 11 12 13 15 16 17 18 20 21 | 21.4
Armour         | 4 5 6 7 8 9 11 12 13 14 15 16 17 | 17.1
Fighting       | 4 5 6 7 8 10 11 12 13 15 16 17 18 | 18.8
Long Blades    | 3 4 6 8 10 11 12 13 14 16 17 18 19 | 19.8
Dodging        | 1 2 3 4 5 6 7 8 |  8.6
Invocations    | 1 3 4 |  4.8
Maces & Flails | 2 3 |  3.3
Evocations     | 1 |  1.2
Stealth        | 1 2 |  2.4

Action                   |  1- 3 |  4- 6 |  7- 9 | 10-12 | 13-15 | 16-18 | 19-21 || total
-------------------------+-------+-------+-------+-------+-------+-------+-------++-------
Melee: Long sword        |    89 |   157 |   522 |   991 |   499 |       |       ||  2258
       Headbutt          |    13 |    29 |   124 |   267 |   309 |   385 |    28 ||  1155
       Whip              |       |       |       |    46 |       |       |       ||    46
       Double sword      |       |       |       |       |   562 |  1218 |    94 ||  1874
Invok: Heroism           |       |       |     1 |    23 |    21 |     9 |       ||    54
       Finesse           |       |       |       |       |     7 |       |       ||     7
Evoke: Wand              |       |       |     2 |     5 |       |       |       ||     7
  Use: Potion            |     1 |     4 |       |     6 |     2 |     2 |       ||    15
       Scroll            |       |       |     4 |    16 |     9 |    11 |     4 ||    44
  Eat: Chunk             |     1 |    20 |    18 |    31 |    31 |    26 |     3 ||   130
       Ration            |       |       |       |     2 |     4 |     4 |       ||    10
Armor: Scale mail        |    51 |    58 |       |       |       |       |       ||   109
       Chain mail        |       |    10 |   138 |       |   487 |   497 |       ||  1132
       Plate armour      |       |       |    65 |   454 |       |    52 |    35 ||   606
       Crystal plate arm |       |       |       |    81 |       |       |       ||    81
Dodge: Dodged            |    33 |    63 |   112 |   292 |   426 |   477 |    24 ||  1427
       Deflected         |       |       |       |       |     6 |    11 |       ||    17
Block: Shield            |    57 |   124 |   264 |   742 |   829 |  1033 |    70 ||  3119
       Reflection        |       |       |       |       |    35 |    44 |    12 ||    91
       Rpst.: Long sword |     9 |    20 |    27 |    81 |    33 |       |       ||   170
       Double sword      |       |       |       |       |    48 |    99 |     6 ||   153
